[Event "Early-Titled-Tuesday-Blitz-November-28-2023"]
[Site "Chess.com"]
[Date "2023.11.28"]
[Round "8"]
[White "Nf3c5"]
[Black "Boundless_Strike"]
[Result "0-1"]
[WhiteElo "2503"]
[BlackElo "2658"]
[TimeControl "180+1"]
[EndTime "9:36:35 PST"]
[Termination "Boundless_Strike won by checkmate"]

1. d4 e5 2. dxe5 d6 3. Nf3 Bg4 4. Bf4 Nc6 5. Nc3 Bxf3 6. exf3 dxe5 7. Be3 Bb4 8. Bb5 Ne7 9. Qe2 Bxc3+ 10. bxc3 O-O 11.
Rd1 Qc8 12. Bc5 Rd8 13. O-O a6 14. Ba4 Nd5 15. Bxc6 bxc6 16. Rd3 Qf5 17. Rfd1 Re8 18. Qe4 Qe6 19. g3 f5 20. Qa4 e4 21. fxe4 fxe4 22. Rxd5 cxd5 23. Be3 Red8 24. Qa5 Qc6 25.
Rd4 Qb5 26. Qxc7 Rac8 27. Qe5 Rxc3 28. Qe6+ Kh8 29. Bh6 Rc7 30. Qxe4 gxh6 31. Qe5+ Rg7 32. Rg4 Qd7 33. Rf4 Re8 34. Qd4 Qe7 35. Kg2 Qe5 36.
Qd3 Rge7 37. Qf3 Kg8 38. Rg4+ Rg7 39. Rf4 h5 40. h4 h6 41. c3 Ree7 42. Kh2 Ref7 43.
Rxf7 Rxf7 44. Qg2 Qe4 45. Qg1 Qe2 46. Kg2 Qf3+ 47. Kf1 Qd1+ 48. Kg2 Qxg1+ 49. Kxg1 Rb7 50. Kg2 Rb2 51. a4 Ra2 52. Kf3 Rxa4 53. Ke3 Rg4 54. f3 Rc4 55. Kd3 a5 56. g4 hxg4 57.
fxg4 Rxg4 58. Ke3 Rc4 59. Kd3 Kf7 60. Ke3 Ke6 61. h5 Kf5 62. Kd2 Kg5 63. Kd3 Kxh5 64. Ke3 Kg6 65. Kd3 Kf5 66. Kd2 h5 67. Kd3 h4 68.
Kd2 h3 69. Kc2 h2 70. Kb3 h1=Q 71. Ka3 Qh8 72. Kb3 Qxc3+ 73. Ka2 Qg7 74. Kb1 Qb7+ 75.
Ka2 Ke4 76. Ka3 Kd3 77. Ka2 Kc3 78. Ka3 d4 79. Ka2 d3 80. Ka1 d2 81. Ka2 d1=Q 82. Ka3 Kc2 83. Ka2 Qdd5 84. Ka3 Qg8 85. Ka2 Qb6 86. Ka3 Qbe6 87. Ka2 Ra4# 0-1

[Event "Early-Titled-Tuesday-Blitz-November-28-2023"]
[Site "Chess.com"]
[Date "2023.11.28"]
[Round "8"]
[White "salomez"]
[Black "Mystery2007"]
[Result "0-1"]
[WhiteElo "2400"]
[BlackElo "2555"]
[TimeControl "180+1"]
[EndTime "9:36:35 PST"]
[Termination "Mystery2007 won on time"]

1. e4 g6 2. d4 Bg7 3. Be3 d6 4. Nf3 Nf6 5. Bd3 O-O 6. Qd2 Ng4 7. Bg5 h6 8. Bh4 c6 9. Nc3 b5 10. a4 b4 11. Ne2 a5 12. O-O Qc7 13. c3 bxc3 14.
bxc3 e5 15. h3 Nf6 16. Bxf6 Bxf6 17. Qxh6 Bg7 18. Qd2 Nd7 19. Nh2 Re8 20. f4 exd4 21. cxd4 Nf6 22. e5 Nd5 23. Ng4 Bxg4 24. hxg4 dxe5 25.
fxe5 Qe7 26. Nf4 Qg5 27. Bc4 Rad8 28. Bxd5 Rxd5 29. Qe3 Rd7 30. Qf3 Rxd4 31. Ne6 fxe6 32. Qf7+ Kh7 33. Qxe8 Qe3+ 34. Rf2 Qxe5 35. Raf1 Rxg4 36.
Rf3 Qd4+ 37. R3f2 Qd5 38. Qf7 e5 39. Qxd5 cxd5 40. Rf7 d4 41. Rd7 Kh6 42. Rff7 e4 43. Rxg7 e3 44. Rh7+ Kg5 45. Kf1 Rf4+ 46. Ke2 Rf2+ 47.
Ke1 Rxg2 48. Rhe7 Rd2 49. Re4 Ra2 50. Rexd4 e2 51. Re4 Kh5 52. Rxe2 Rxa4 53. Kf2 g5 54. Rd5 Rf4+ 55. Kg3 a4 56. Ree5 Rg4+ 57. Kh3 Rh4+ 58. Kg3 Rg4+ 59. Kf3 Rf4+ 60. Ke3 Rg4 61. Ra5 a3 62.
Kf2 Rf4+ 63. Kg3 Rg4+ 64. Kf3 Rf4+ 65. Ke3 Rg4 66. Kd2 Rg3 67. Kc2 Kh4 68. Kb1 Rg1+ 69. Ka2 Rg3 70. Rxa3 Rxa3+ 71. Kxa3 g4 72. Kb2 g3 0-1

[Event "Early-Titled-Tuesday-Blitz-November-28-2023"]
[Site "Chess.com"]
[Date "2023.11.28"]
[Round "8"]
[White "wadsy27"]
[Black "alexrustemov"]
[Result "1-0"]
[WhiteElo "2671"]
[BlackElo "2862"]
[TimeControl "180+1"]
[EndTime "9:36:36 PST"]
[Termination "wadsy27 won on time"]

1. e4 e6 2. d4 d5 3. exd5 exd5 4. c4 Nf6 5. Nf3 Bb4+ 6. Nc3 O-O 7. Be2 dxc4 8. O-O Nc6 9. Bxc4 Bg4 10. Be3 Qd7 11. a3 Bd6 12. h3 Bh5 13. Be2 Rad8 14. Rc1 h6 15. Qb3 Na5 16. Qa2 Rfe8 17. Bb5 c6 18. Be2 b6 19. b4 Nb7 20. Rfd1 Rc8 21. d5 Bxf3 22. Bxf3 c5 23. Be2 Qe7 24. Bb5 Qe5 25.
g3 Re7 26. Ba6 Qh5 27. Kg2 Rce8 28. Bxb7 Rxb7 29. Nb5 Rd7 30. Nxd6 Rxd6 31. bxc5 bxc5 32. Bxc5 Rxd5 33. Rxd5 Nxd5 34. Bxa7 Qe5 35. Rc5 Qe4+ 36. Kh2 Nf6 37. Qc4 Qe1 38. Rc8 Rxc8 39. Qxc8+ Kh7 40. Qc2+ Kg8 41. Bd4 Ne4 42. Qc8+ Kh7 43. Qf5+ Kg8 44. Qe5 f6 45. Qd5+ Kh7 46. Qf5+ Kg8 47. Be3 Ng5 48.
h4 Nf7 49. a4 Qa1 50. Qc8+ Kh7 51.
Qf5+ Kg8 52. a5 Ne5 53. Qe6+ Kh7 54. a6 Qa4 55. Qf5+ Kg8 56. a7 Qc6 57. Qb1 Nf3+ 58.
Kh3 Ne5 59. Qb8+ Kh7 60. Kh2 Nf3+ 61. Kh3 Qe6+ 62. Kg2 Qg4 63. Qb1+ f5 64. a8=Q Nxh4+ 65. Kf1 Qh3+ 66. Ke2 Qg4+ 67. Kd2 Nf3+ 68. Kc2 Qc4+ 69. Kb2 Qb4+ 70. Ka1 Qc3+ 71. Qb2 Qe1+ 72. Ka2 Nd2 73. Qxd2 Qf1 74. Qb2 Qc4+ 75. Qb3 Qe2+ 76. Ka3 Qa6+ 77. Qxa6 1-0

[Event "Early-Titled-Tuesday-Blitz-November-28-2023"]
[Site "Chess.com"]
[Date "2023.11.28"]
[Round "8"]
[White "Quattroporte300"]
[Black "wqws"]
[Result "1/2-1/2"]
[WhiteElo "2419"]
[BlackElo "2590"]
[TimeControl "180+1"]
[EndTime "9:36:36 PST"]
[Termination "Game drawn by repetition"]

1. e4 d5 2. exd5 Nf6 3. d4 Nxd5 4. Nf3 g6 5. Be2 Bg7 6. O-O O-O 7. c4 Nf6 8. Nc3 c5 9. d5 Na6 10. h3 Nc7 11.
Be3 b6 12. Re1 Nce8 13. Ne5 Nd6 14. Bf4 Bb7 15. Bf3 Rc8 16. Qd3 a6 17. Rad1 b5 18.
b3 b4 19. Na4 Nf5 20. Nc6 Bxc6 21. dxc6 Nd4 22. Nxc5 Nxf3+ 23. Qxf3 Qa5 24. Nb7 Qxa2 25. Rxe7 Nh5 26. Bh2 a5 27. c7 a4 28. bxa4 b3 29. g4 b2 30. Ree1 Rfe8 31. Qd3 Nf6 32. g5 Nh5 33. Rxe8+ Rxe8 34. Nd8 Bd4 35. c8=Q b1=Q 36.
Qxd4 Qbc2 37. Qcg4 Qaxa4 38. Qf3 Rf8 39. Kg2 Ng7 40.
Be5 Nf5 41. Qdf4 Qaxc4 42. Qxc4 Qxc4 43. Bg3 Qc5 44. Qe4 Nxg3 45. fxg3 Qxg5 46. Qd3 Qf6 47. h4 Qb2+ 48. Rd2 Qf6 49. Nc6 Qxc6+ 50. Qf3 Qxf3+ 51. Kxf3 Kg7 52. g4 h5 53. g5 f6 54. Rd7+ Rf7 55. Rxf7+ Kxf7 56. gxf6 Ke6 57. Ke4 Kxf6 58. Kf4 Ke6 59.
Ke4 Kf6 60. Kf4 Ke7 61. Ke5 Kf7 62. Kf4 Kf6 63. Ke4 Ke6 64. Kf4 Ke7 65. Ke5 Kf7 66. Kf4 Kg8 67. Kg5 Kh7 68. Kf4 Kh6 69. Kf3 Kh7 70. Kf4 Kh8 71. Kg5 Kg7 72. Kf4 Kh6 73. Kf3 Kh7 74. Kf4 1/2-1/2

[Event "Early-Titled-Tuesday-Blitz-November-28-2023"]
[Site "Chess.com"]
[Date "2023.11.28"]
[Round "8"]
[White "carloseduar100"]
[Black "lluiss"]
[Result "1-0"]
[WhiteElo "2278"]
[BlackElo "2206"]
[TimeControl "180+1"]
[EndTime "9:36:47 PST"]
[Termination "carloseduar100 won on time"]

1. g3 d5 2. Bg2 Nf6 3. Nf3 g6 4. O-O Bg7 5. d4 O-O 6. c3 b6 7.
Nbd2 Bb7 8. Re1 Nbd7 9. Ne5 c5 10.
Ndf3 Nxe5 11. dxe5 Ne8 12. h4 Nc7 13. a4 a6 14. Nh2 Rb8 15. f4 f5 16. Nf3 Ne6 17. e3 Qd7 18. Kh2 Rfd8 19. b3 b5 20. axb5 axb5 21. Bb2 Ra8 22. Qc2 Bc6 23. Ng5 Nxg5 24. hxg5 h6 25. gxh6 Bxh6 26. Rxa8 Rxa8 27. Ra1 Qb7 28.
Qb1 e6 29. Rxa8+ Qxa8 30. Qa1 Qxa1 31. Bxa1 Bf8 32. g4 Kf7 33. Kg3 Ke8 34. Bf1 Kd7 35. c4 dxc4 36. bxc4 b4 37. Kh4 Be7+ 38. Kg3 Be4 39.
Bb2 Bd8 40. Be2 Bc2 41. Kf2 Bh4+ 42. Kf1 Bg3 43. gxf5 gxf5 44. Bf3 Bh4 45. Ke2 Bd8 46. Kd2 b3 47. Bc3 Bb6 48. Bd1 Bxd1 49. Kxd1 Ba7 50.
Kc1 Kc6 51. Kb2 Bb6 52. Kxb3 Bd8 53. Kc2 Be7 54. Kd3 Bd8 55. Ke2 Be7 56. Kf3 Kd7 57.
Ba5 Ke8 58. Bb6 Kd7 59. e4 Kc6 60. Ba5 Kd7 61. exf5 exf5 62. Ke2 Ke6 63. Kd3 Kd7 64. Bd2 Kc6 65. Kc2 Kd7 66. Kb3 Kc6 67. Ka4 Bd8 68.
Ba5 Be7 69. Kb3 Bh4 70. Bd2 Be7 71. Ka4 Bd8 72. Bc3 Be7 73. Ka5 Bd8+ 74. Ka6 Be7 75. Ka7 Bh4 76. Kb8 1-0

[Event "Early-Titled-Tuesday-Blitz-November-28-2023"]
[Site "Chess.com"]
[Date "2023.11.28"]
[Round "8"]
[White "NovoselovRoman"]
[Black "Ron_Weasley_Chess"]
[Result "1-0"]
[WhiteElo "2554"]
[BlackElo "2413"]
[TimeControl "180+1"]
[EndTime "9:36:48 PST"]
[Termination "NovoselovRoman won by checkmate"]

1. e4 c6 2. d4 d5 3. Nc3 dxe4 4.
Nxe4 Nf6 5. Ng3 h5 6. h4 e6 7. Nf3 Bd6 8. Bd3 Qc7 9. Ne4 Be7 10. Bg5 Nbd7 11. Nxf6+ Bxf6 12. Bxf6 Nxf6 13. Qe2 Bd7 14. Ne5 Nd5 15. O-O-O O-O-O 16. Be4 Kb8 17. Kb1 Rhf8 18. Bxd5 exd5 19. Qxh5 Be6 20. f4 Qc8 21. Rdf1 f6 22. Nd3 Bf5 23. Nc5 b6 24. Nb3 Be4 25. Qe2 Rfe8 26. Rhg1 a5 27. a4 Bf5 28.
Qd2 Qa6 29. Re1 Qc4 30. g4 Be4 31. Qc3 Qxa4 32. Nd2 Kb7 33. b3 Qb5 34. Re3 a4 35. Rge1 axb3 36. Qxb3 Qxb3+ 37. Nxb3 Re7 38. Kb2 Rde8 39.
Nd2 Re6 40. h5 Bf5 41. Rxe6 Rxe6 42. Rxe6 Bxe6 43. g5 Bg4 44. h6 gxh6 45. gxh6 Bf5 46. Nf3 Kc7 47. Nh4 Bh7 48. f5 Kd7 49. Ng6 Ke8 50. Kb3 Kf7 51. Nh4 Ke7 52. c4 Bg8 53.
cxd5 Bxd5+ 54. Kb4 Bg8 55. Ng6+ Ke8 56. Nf4 Kd7 57. Ne6 Bh7 58. Nf8+ Ke7 59. Nxh7 Kf7 60. Kc4 Ke7 61. d5 b5+ 62. Kc5 cxd5 63. Kxd5 Kf7 64.
Kc5 Ke7 65. Kxb5 Kf7 66. Kc5 Ke7 67. Kd5 Kf7 68. Kd6 Kg8 69. Nxf6+ Kf7 70. Ke5 Kf8 71. Nh5 Kg8 72. Ke6 Kh7 73. Ke7 Kg8 74. f6 Kh7 75. f7 Kxh6 76. f8=Q+ Kg5 77. Qf6+ Kxh5 78. Qg7 Kh4 79. Qg2 Kh5 80. Kf6 Kh6 81. Qg6# 1-0

[Event "Early-Titled-Tuesday-Blitz-November-28-2023"]
[Site "Chess.com"]
[Date "2023.11.28"]
[Round "8"]
[White "Roman_Ovetchkin"]
[Black "HATilay"]
[Result "0-1"]
[WhiteElo "2645"]
[BlackElo "2530"]
[TimeControl "180+1"]
[EndTime "9:36:49 PST"]
[Termination "HATilay won on time"]

1. e4 c5 2. Nf3 e6 3. d4 cxd4 4. Nxd4 a6 5. Bd3 Bc5 6. Nb3 Ba7 7. Qg4 Nf6 8. Qg3 d6 9. Nc3 b5 10. O-O O-O 11. Bh6 Ne8 12. Rad1 Nc6 13. Kh1 Kh8 14. Bg5 f6 15. Bc1 b4 16. Ne2 a5 17.
f4 a4 18. Nd2 f5 19. exf5 exf5 20. Bb5 Bb7 21. Nc4 Na5 22. Bxe8 Nxc4 23. Bb5 Nb6 24. Nd4 Qf6 25. Be3 Be4 26. Nc6 Bxc6 27. Bxc6 Rac8 28. Bd4 Qf7 29. Qf3 Rc7 30. Bxb6 Bxb6 31.
Bxa4 Bc5 32. Bb3 Qf6 33. Rd5 Re7 34. Qd3 g6 35. c3 bxc3 36. Qxc3 Qxc3 37. bxc3 Ra8 38.
Rd3 Kg7 39. Rd2 Kf6 40. g3 Re3 41. Rc2 Rc8 42. Kg2 Bb6 43. c4 Bc5 44. Rd1 Rce8 45. Rcd2 R8e7 46. Kh3 R7e6 47. Kh4 h6 48. Kh3 g5 49. fxg5+ hxg5 50. Kg2 f4 51. gxf4 gxf4 52. Rf1 R6e4 53. Bd1 Ke5 54. Rd5+ Ke6 55. Rh5 Rxc4 56. Bb3 Rxb3 57. axb3 Rc2+ 58. Kf3 Be3 59. Rd1 Rc3 60.
Ke4 Rxb3 61. Rh6+ Ke7 62. Rhxd6 Rb4+ 63. Kf3 Rb3 64. R1d3 Rxd3 65. Rxd3 Kf6 66. Kg4 Kg6 67. Rd6+ Kf7 68. h3 Ke7 69. Ra6 Kf7 70. h4 Kg7 71. Rc6 Bd2 72. Re6 Be3 73. Kf5 Bc1 74. Re1 Bd2 75.
Re6 f3 76. Rg6+ Kh7 77. Rf6 f2 78. Kg4 Be3 0-1

[Event "Early-Titled-Tuesday-Blitz-November-28-2023"]
[Site "Chess.com"]
[Date "2023.11.28"]
[Round "8"]
[White "Goffredo_Fofi"]
[Black "Burovic00"]
[Result "1/2-1/2"]
[WhiteElo "2469"]
[BlackElo "2555"]
[TimeControl "180+1"]
[EndTime "9:36:54 PST"]
[Termination "Game drawn by repetition"]

1. d4 d6 2. Bf4 g6 3. Nc3 Bg7 4.
Nf3 a6 5. Qd2 b5 6. h4 h6 7. e4 Bb7 8. Bd3 Nd7 9. Ne2 e5 10. dxe5 dxe5 11. Be3 Ngf6 12. Ng3 Ng4 13. h5 Nxe3 14. Qxe3 Qf6 15. a4 b4 16. a5 g5 17.
Nf5 Bf8 18. Nh2 Bc5 19. Qe2 O-O-O 20. Ng4 Qc6 21. f3 Kb8 22. Bc4 Bd4 23. Nxd4 exd4 24. Bxf7 Nc5 25. Bc4 b3 26. Ne5 Qf6 27. Nf7 bxc2 28.
Qxc2 d3 29. Qd2 Qd4 30. Rc1 Nxe4 31. fxe4 Qxe4+ 32. Kf1 Rhf8 33. Kg1 Qd4+ 34. Kh2 Qh4+ 35. Kg1 Qd4+ 36. Qf2 Qxf2+ 37. Kxf2 Bd5 38. Bxd5 Rxd5 39. Rhf1 Rxf7+ 40. Ke3 Re7+ 41. Kd2 Re2+ 42. Kd1 Rxb2 43. Rf8+ Kb7 44. Rf7 Rc2 45. Rxc2 dxc2+ 46. Kxc2 Rxa5 47. Rf6 Ra2+ 48. Kb3 Rxg2 49. Rxh6 Rh2 50. Rh8 g4 51.
h6 Rh3+ 52. Kb4 g3 53. h7 g2 54. Rg8 Rh4+ 55. Kc5 Rxh7 56. Rxg2 Rh5+ 57. Kb4 Kb6 58.
Rg6+ c6 59. Rf6 Rh4+ 60. Kb3 Kb5 61. Rf8 Rh3+ 62. Kb2 c5 63. Rb8+ Kc4 64. Ra8 Rh2+ 65.
Ka3 Kc3 66. Rxa6 c4 67. Rg6 Rh3 68. Ka2 Rd3 69. Ka3 Kc2+ 70. Ka2 c3 71. Rg2+ Rd2 72.
Rg1 Kd3+ 73. Kb3 Rb2+ 74. Ka3 Rb8 75. Ka2 Ra8+ 76. Kb1 c2+ 77. Kb2 Rb8+ 78. Ka2 Kc3 79.
Rg3+ Kc4 80. Rg1 Kc3 81. Rg3+ Kd2 82. Rg2+ Kd3 83. Rg1 Rc8 84. Kb2 Rb8+ 85. Ka2 1/2-1/2

[Event "Early-Titled-Tuesday-Blitz-November-28-2023"]
[Site "Chess.com"]
[Date "2023.11.28"]
[Round "8"]
[White "pinguino120"]
[Black "KononenkoD"]
[Result "0-1"]
[WhiteElo "2306"]
[BlackElo "2524"]
[TimeControl "180+1"]
[EndTime "9:36:54 PST"]
[Termination "KononenkoD won by resignation"]

1. e4 d5 2. exd5 Qxd5 3. Nc3 Qa5 4. d4 Nf6 5. Bd2 c6 6. Bc4 Qc7 7. Nf3 Bg4 8. h3 Bh5 9. g4 Bg6 10. Ne5 Nbd7 11. Bf4 Nxe5 12. dxe5 e6 13. Qf3 Nd7 14. O-O-O Bb4 15. h4 h5 16. g5 Bf5 17. Qe3 Bc5 18.
Qe2 O-O-O 19. f3 Nb6 20. Bb3 Rxd1+ 21. Rxd1 Rd8 22. Rxd8+ Qxd8 23. Ne4 Bxe4 24. Qxe4 g6 25. Be3 Bxe3+ 26. Qxe3 Kc7 27. Qf4 Qd7 28. a4 Nc8 29.
c3 a5 30. Bc2 Nb6 31. Qf6 Nd5 32. Qg7 Ne3 33. Qf8 b6 34. Kb1 Nc4 35. f4 Ne3 36.
Bb3 Ng2 37. Qa8 Qc8 38. Qa7+ Qb7 39. Qxb7+ Kxb7 40. f5 Nxh4 41. fxe6 fxe6 42. Bxe6 Nf3 43. b4 Nxg5 44. Bd7 Nf3 45. e6 Kc7 46. Be8 Ne5 47. e7 Kd6 48. Bxg6 Kxe7 49. Bxh5 Kd6 50. bxa5 bxa5 51. Kc2 Kc5 52. Be2 Nd7 53. Bd3 Nb6 54. Kb3 Kd6 55. Bc2 Ke5 56. Bd3 c5 57. Bc2 Kf4 58.
Bd3 Ke3 59. Bb5 Kd2 60. Ba6 Ke3 61. Bb5 Ke4 62. Ba6 Kd5 63. c4+ Kd4 64. Bb5 Kd3 65.
Ba6 Nd7 66. Bb5 Ne5 67. Ba6 Nf3 68. Bb5 Nd2+ 69. Kb2 Kd4 70. Kc2 Nxc4 71. Kb3 Nb6 72. Ba6 c4+ 73. Kc2 Nxa4 74. Bb5 Nc5 75. Bc6 Na6 76.
Bb5 Nb4+ 77. Kb2 c3+ 78. Kb3 c2 79. Kb2 Ke3 80. Ba4 Kd2 81. Bxc2 Nxc2 82. Kb3 Nd4+ 83. Ka4 Nc6 84. Kb5 Kc3 85. Kc5 a4 0-1

[Event "Early-Titled-Tuesday-Blitz-November-28-2023"]
[Site "Chess.com"]
[Date "2023.11.28"]
[Round "8"]
[White "rasmussvane"]
[Black "scarabee43"]
[Result "1/2-1/2"]
[WhiteElo "2989"]
[BlackElo "2831"]
[TimeControl "180+1"]
[EndTime "9:36:57 PST"]
[Termination "Game drawn - insufficient material"]

1. Nf3 d5 2. g3 Nf6 3. Bg2 e6 4. O-O Be7 5. c4 O-O 6. b3 b6 7.
d4 Nbd7 8. cxd5 exd5 9. Nc3 Bb7 10. Bb2 Re8 11. Rc1 a6 12. e3 Bd6 13. Re1 Qe7 14. Ne2 Rad8 15. Nf4 Ne4 16. Nd3 a5 17. Re2 Nf8 18. Rec2 Ng6 19. h4 Qf6 20. Nde5 Ne7 21. Bh3 Bc8 22. Bxc8 Rxc8 23. Kg2 Nf5 24. Qd3 h6 25. Bc3 Qe6 26. Re2 f6 27. Ng6 h5 28.
Nf4 Bxf4 29. exf4 Nfd6 30. Bb2 Qd7 31. Ba3 a4 32. Bxd6 Nxd6 33. Rce1 axb3 34. axb3 Ne4 35.
Nd2 Nxd2 36. Qxd2 Kf7 37. Qd3 Rxe2 38. Rxe2 Re8 39. Rc2 c6 40. Qf3 g6 41. Qc3 Re6 42.
b4 b5 43. Ra2 Qe7 44. f5 gxf5 45. Qf3 Kg6 46. Ra8 Qf7 47. Rh8 Kg7 48. Rxh5 f4 49. Qg4+ Qg6 50. Qxe6 Qxh5 51. Qd7+ Kg8 52. Qd8+ Kg7 53.
Qc7+ Kg6 54. Qxf4 Qd1 55. Qe3 Qb1 56. Qc3 Qe4+ 57. Kg1 Qb1+ 58. Kh2 Qf1 59. Qd2 Qb1 60.
g4 Qe4 61. Kg3 Kg7 62. f3 Qb1 63. Kg2 Qb3 64. h5 Qb1 65. Qc3 Qa2+ 66. Kg3 Qb1 67.
Kf2 Qa2+ 68. Ke3 Qc4 69. Kd2 Qa2+ 70. Qc2 Qa3 71. Qxc6 Qxb4+ 72. Ke3 Qe1+ 73. Kd3 Qd1+ 74.
Ke3 Qe1+ 75. Kf4 Qd2+ 76. Kg3 Qe1+ 77. Kg2 Qe2+ 78. Kg3 Qe1+ 79. Kf4 Qd2+ 80. Kf5 Qd3+ 81. Ke6 Qe3+ 82. Kd6 Qf4+ 83. Kd7 Qxf3 84. Qxb5 Qxg4+ 85. Kc6 Qxd4 86. Qxd5 Qxd5+ 87. Kxd5 Kh6 88. Ke4 Kxh5 89. Kf5 Kh4 90. Kxf6 1/2-1/2

[Event "Early-Titled-Tuesday-Blitz-November-28-2023"]
[Site "Chess.com"]
[Date "2023.11.28"]
[Round "8"]
[White "Herman-NY"]
[Black "Der_Balak_3Halak"]
[Result "0-1"]
[WhiteElo "2480"]
[BlackElo "2326"]
[TimeControl "180+1"]
[EndTime "9:37:12 PST"]
[Termination "Der_Balak_3Halak won by checkmate"]

1. e4 c5 2. Nf3 Nc6 3. Bb5 g6 4. O-O Bg7 5. Re1 Qc7 6. c3 d6 7. h3 Nf6 8. d4 cxd4 9. cxd4 O-O 10. Nc3 a6 11. Bf1 b5 12. Bg5 Bb7 13. Rc1 Rad8 14. d5 Nb8 15. Nxb5 Qb6 16. Nbd4 Rc8 17.
Rxc8 Rxc8 18. Qd2 Nbd7 19. Nb3 Nc5 20. Nxc5 Qxc5 21. Bd3 Qc7 22. Rc1 Qxc1+ 23. Qxc1 Rxc1+ 24. Bxc1 e6 25. dxe6 fxe6 26. Nd2 Nd7 27. Kf1 Nc5 28. Bc2 Bd4 29. f3 d5 30. exd5 Bxd5 31. b4 Nd7 32. a3 Nb6 33. Bd3 Na4 34. Bxa6 Nc3 35. Bc4 Kf7 36.
Bb2 Nb1 37. Bxd4 Nxd2+ 38. Ke2 Nxc4 39. Bc5 Nxa3 40. Ke3 Nb5 41. Kf4 Kf6 42. g4 e5+ 43.
Kg3 g5 44. h4 gxh4+ 45. Kxh4 Bxf3 46. Kh5 e4 47. Kh6 Bxg4 48. Kxh7 Ke5 49. Kg6 Nd4 50. Kf7 e3 51. Be7 Nf5 52. Bg5 e2 53. Bd2 Kd4 54. Be1 Kd3 55. b5 Nd6+ 56. Kf6 Nxb5 57. Kg5 Be6 58. Kf4 Bc4 59. Kf3 Nd4+ 60. Kf4 Nc2 61. Bf2 Kd2 62. Ke4 Kd1 63. Kf4 Bf7 64. Ke4 e1=Q+ 65. Bxe1 Nxe1 66. Kf4 Ke2 67. Ke4 Nd3 68.
Kd4 Kd2 69. Ke4 Bg6+ 70. Kd4 Bf5 71. Kd5 Ke3 72. Kc4 Be6+ 73. Kc3 Bd5 74. Kc2 Kd4 75. Kb1 Kc3 76. Ka1 Nb2 77. Kb1 Bc4 78. Ka1 Kb3 79. Kb1 Bd5 80. Ka1 Nc4 81. Kb1 Be6 82. Ka1 Nb6 83. Kb1 Nd5 84. Ka1 Nb4 85. Kb1 Nc2 86. Kc1 Kc3 87. Kb1 Bc4 88. Kc1 Ba2 89.
Kd1 Nd4 90. Kc1 Ne2+ 91. Kd1 Kd3 92. Ke1 Ke3 93. Kd1 Bb3+ 94. Ke1 Nd4 95. Kf1 Bc4+ 96. Ke1 Bb3 97. Kf1 Ne2 98. Ke1 Ba4 99. Kf1 Nf4 100.
Ke1 Ng2+ 101. Kf1 Kf3 102. Kg1 Kg3 103. Kf1 Bb5+ 104. Kg1 Nf4 105. Kh1 Bc4 106. Kg1 Nh3+ 107. Kh1 Bd5# 0-1

[Event "Early-Titled-Tuesday-Blitz-November-28-2023"]
[Site "Chess.com"]
[Date "2023.11.28"]
[Round "8"]
[White "OK97"]
[Black "shimastream"]
[Result "0-1"]
[WhiteElo "2782"]
[BlackElo "2943"]
[TimeControl "180+1"]
[EndTime "9:37:22 PST"]
[Termination "shimastream won by resignation"]

1. c4 g6 2. d4 Bg7 3. e4 d6 4.
Nc3 c5 5. d5 Bxc3+ 6. bxc3 e5 7. f4 Qf6 8. Qf3 Nd7 9. g3 h5 10. Nh3 Qe7 11. Ng5 Ngf6 12. Bd3 h4 13. Bd2 b6 14. a4 a5 15. Kf2 Kd8 16. Kg2 Kc7 17.
Raf1 Nh7 18. Nxh7 Rxh7 19. f5 gxf5 20. Qxf5 Nf8 21. Qf6 h3+ 22. Kg1 Qxf6 23. Rxf6 Bd7 24. Bc2 Rg7 25. Kf2 Nh7 26. Rh6 Rh8 27. Rf1 Kd8 28. Ke1 Ke7 29. Rh4 Rhg8 30. Ke2 Nf6 31.
Kd3 Ng4 32. Rxh3 Nf2+ 33. Rxf2 Bxh3 34. Be3 Rh7 35. Rd2 f5 36. Rd1 Bg4 37. Rb1 fxe4+ 38.
Kxe4 Rxh2 39. Bd3 Rf8 40. Bg5+ Kd7 41. Rxb6 Bf5+ 42. Ke3 Bxd3 43. Kxd3 Rf3+ 44. Ke4 Rxg3 45. Rb7+ Kc8 46. Rg7 Rhg2 47. Kf5 Rxg5+ 48. Rxg5 Rxg5+ 49. Kxg5 Kd7 50. Kf5 Ke7 51. Kg5 Kf7 52. Kf5 Ke7 53. Kg5 Ke8 54. Kf5 Kf7 55. Kg5 Kg7 56. Kf5 Kg8 57.
Kg5 Kh7 58. Kf5 Kh8 59. Kg5 Kh7 60. Kf5 Kh6 61. Ke6 e4 62. Kxd6 e3 63. Kc7 e2 64. d6 e1=Q 65. d7 Qe5+ 66. Kc8 Qe6 67. Kc7 Qe5+ 68. Kc8 Qe6 69. Kc7 Qxc4 70. d8=Q Qxc3 71.
Qd6+ Kg5 72. Qe7+ Kf4 73. Qf8+ Ke4 74. Kc6 c4 75. Qe8+ Kd3 76. Qg6+ Kd2 77. Qg5+ Kc2 78. Qg2+ Kb3 79. Kb5 Qb4+ 80. Ka6 Qxa4 81. Qf3+ Kb4 82. Qf8+ Kb3 83. Qf3+ Kb2 84. Qe2+ Qc2 85. Qe5+ Qc3 86. Qb5+ Qb4 87. Qe5+ c3 88. Qe2+ c2 89. Qe5+ Qc3 90. Qb5+ Kc1 91. Qf1+ Kb2 92. Qb5+ Qb3 93. Qe5+ Kb1 94.
Qf5 Qc4+ 95. Kxa5 Kb2 96. Qf6+ Qc3+ 0-1

[Event "Early-Titled-Tuesday-Blitz-November-28-2023"]
[Site "Chess.com"]
[Date "2023.11.28"]
[Round "8"]
[White "ozen_metehan"]
[Black "Iskusnyh"]
[Result "1-0"]
[WhiteElo "2455"]
[BlackElo "2547"]
[TimeControl "180+1"]
[EndTime "9:37:26 PST"]
[Termination "ozen_metehan won on time"]

1. e4 e6 2. d4 d5 3. e5 c5 4. c3 Nc6 5. Nf3 Nge7 6. Bd3 cxd4 7. cxd4 Nf5 8. Bxf5 exf5 9. O-O Be7 10. Nc3 Be6 11.
Ne2 O-O 12. Nf4 Qb6 13. Be3 Rfc8 14. b3 a5 15. Nd3 Qd8 16. Rc1 Nb4 17. Qd2 Nxd3 18.
Qxd3 a4 19. Qb5 Qd7 20. Rxc8+ Rxc8 21. bxa4 Qxb5 22. axb5 Ra8 23. Ra1 Bd7 24. b6 Bd8 25. h4 h6 26. Ne1 Bb5 27. Rb1 Bc4 28. Nf3 Rxa2 29. Nd2 Ba6 30. Nb3 Bxb6 31. Nc1 Ra4 32. Rxb6 f4 33. Bxf4 Rxd4 34. Be3 Rxh4 35. Nb3 Re4 36. Nc5 Rxe5 37. Nxa6 bxa6 38. Rxa6 h5 39. Rd6 f6 40. Kh2 Kf7 41. Kg3 g5 42. Kf3 Kg6 43.
Bd4 Rf5+ 44. Ke3 h4 45. f3 Kf7 46. Rd7+ Kg6 47. Bc5 Re5+ 48. Kd3 Kf5 49. Rf7 Kg6 50. Rf8 Rf5 51. Bd4 h3 52. gxh3 Rxf3+ 53. Ke2 Rxh3 54. Rxf6+ Kh5 55. Rf5 Ra3 56. Rxd5 Kg4 57. Be3 Ra2+ 58. Kd3 Ra3+ 59. Ke4 Ra4+ 60. Ke5 Rb4 61. Kf6 Kf3 62.
Bxg5 Ra4 63. Kf5 Ra3 64. Rc5 Rb3 65. Rc4 Rb5+ 66. Kg6 Ra5 67. Kh5 Rb5 68. Rf4+ Ke2 69. Kg4 Kd3 70. Rf3+ Kc4 71. Bf6 Rb1 72. Kf4 Re1 73.
Rc3+ Kd5 74. Rd3+ Ke6 75. Bh4 Re2 76. Ra3 Kd5 77. Ra5+ Kc6 78. Bf6 Re1 79. Be5 Re2 80. Kf5 Re1 81. Ke6 Re2 82. Ra3 Kc5 83. Rc3+ Kb4 84.
Rc8 Kb3 85. Kd5 Rg2 86. Rb8+ Ka4 87. Kc4 Ka5 88. Bd4 Ka6 89. Rb4 Rg4 90. Kc5 1-0

[Event "Early-Titled-Tuesday-Blitz-November-28-2023"]
[Site "Chess.com"]
[Date "2023.11.28"]
[Round "8"]
[White "carokannlover213"]
[Black "Iball95"]
[Result "1/2-1/2"]
[WhiteElo "2685"]
[BlackElo "2833"]
[TimeControl "180+1"]
[EndTime "9:38:22 PST"]
[Termination "Game drawn - insufficient material"]

1. d4 d5 2. Nf3 Nf6 3. c4 e6 4. Nc3 c5 5. cxd5 cxd4 6. Qxd4 Nxd5 7. Nxd5 exd5 8. g3 Nc6 9. Qd1 Bc5 10. Bg2 O-O 11.
O-O Re8 12. Ne1 Bg4 13. Bf3 Bh3 14. Bg2 Qd7 15. Bxh3 Qxh3 16. Qxd5 Nd4 17. Qg2 Nxe2+ 18. Kh1 Qf5 19. Qf3 Qg6 20. Be3 Nd4 21. Bxd4 Bxd4 22. Nd3 h6 23. Rfe1 Rad8 24. Rxe8+ Rxe8 25. Kg2 b5 26. Rd1 Bb6 27. Rd2 Qg5 28. Nf4 Qe5 29. b3 g6 30. Rd5 Qb2 31. Rxb5 Qxa2 32. Nd5 Re6 33. Nxb6 axb6 34. Rd5 Qb2 35. Rd8+ Kg7 36. Rd7 Rf6 37. Qe3 Qc2 38. Rd8 Qc6+ 39. Kg1 Qc2 40. b4 Qb1+ 41. Kg2 Qb2 42. Qd4 Qxd4 43. Rxd4 h5 44. h3 Rf5 45.
Rd6 b5 46. Rb6 Kf8 47. f4 Rd5 48. Kf3 Rd3+ 49. Kf2 Rd5 50. Kf3 Rd3+ 51. Kf2 Rd5 52. Rb7 Kg7 53. Kf3 Rd3+ 54. Kg2 Rd5 55. Kf3 Rd3+ 56.
Kf2 Rd5 57. Ke3 Kf6 58. Ke4 Rd1 59. Rb6+ Ke7 60. Rxb5 Rg1 61. Kf3 Rf1+ 62. Kg2 Rb1 63. Rb7+ Ke6 64. b5 Rb2+ 65. Kf3 Rb3+ 66. Ke4 Rxg3 67. Rc7 Rxh3 68. Rc6+ Kd7 69. Rf6 Ke7 70. Ra6 Rb3 71. Rb6 h4 72. Ke5 h3 73. Rb7+ Ke8 74.
Kf6 h2 75. Re7+ Kd8 76. Re1 Rxb5 77. Kxf7 Rf5+ 78. Kxg6 Rxf4 79. Rh1 Rg4+ 80. Kh5 Rg1 81. Rxh2 Rg8 82. Re2 Kd7 83. Kh4 Kd6 84. Kh3 Rg7 85. Rg2 Re7 86. Rg6+ Kd5 87. Rg5+ Ke4 88. Rg4+ Kf3 89.
Rg3+ Kf2 90. Rg5 Re4 91. Rg4 Re3+ 92. Kh4 Re8 93. Rg5 Kf3 94. Rf5+ Ke4 95. Rf7 Rg8 96. Kh5 Re8 97. Kg6 Re5 98. Rf1 Ra5 99. Kf6 Ra6+ 100. Kg5 Ra5+ 101. Kg4 Ra6 102. Re1+ Kd4 103. Kf4 Ra2 104. Re4+ Kd5 105. Re1 Rf2+ 106. Ke3 Rf8 107. Rd1+ Kc4 108. Rc1+ Kd5 109. Rd1+ Kc4 110. Ke4 Re8+ 111. Kf4 Re7 112. Rc1+ Kd4 113. Rd1+ Kc3 114. Kf3 Kc2 115. Rd6 Rc7 116. Ke2 Re7+ 117. Kf3 Rc7 118. Ke2 Re7+ 119. Kf2 Rc7 120. Ke3 Re7+ 121. Kd4 Rc7 122. Kd5 Rc3 123. Rc6 Rxc6 124. Kxc6 1/2-1/2

[Event "Early-Titled-Tuesday-Blitz-November-28-2023"]
[Site "Chess.com"]
[Date "2023.11.28"]
[Round "9"]
[White "Roedor"]
[Black "Ezov"]
[Result "1/2-1/2"]
[WhiteElo "2398"]
[BlackElo "2220"]
[TimeControl "180+1"]
[EndTime "9:46:18 PST"]
[Termination "Game drawn by repetition"]

1. d4 d5 2. c4 c6 3. Nf3 Nf6 4. e3 e6 5. b3 Be7 6. Bd3 Ne4 7. O-O f5 8. Ba3 O-O 9. Qc2 Nd7 10. Bxe7 Qxe7 11.
Nc3 Ndf6 12. Ne2 Bd7 13. Rab1 Be8 14. b4 Bh5 15. Ne5 Bxe2 16. Qxe2 Nc3 17. Qc2 Nxb1 18. Rxb1 Nd7 19. Nf3 Nf6 20. Ne5 Nd7 21. Nf3 Nf6 22. Ne5 1/2-1/2